 Dungeon Crawl Stone Soup version 0.30-a0-305-g026cb31310 (webtiles) character file.

Game seed: 3609684643523356514

158 Iusername the Shield-Bearer (level 5, -5/47 HPs)
             Began as a Minotaur Fighter on Oct 21, 2022.
             Slain by a lemure (6 damage)
             ... led by Pikel
             ... on level 4 of the Dungeon.
             The game lasted 00:05:50 (2376 turns).

Iusername the Shield-Bearer (Minotaur Fighter)      Turns: 2376, Time: 00:05:51

Health: -5/47      AC:  8    Str: 23    XL:     5   Next: 16%
Magic:  4/4        EV:  9    Int:  5    God:
Gold:   184        SH:  4    Dex:  9    Spells: 4/4 levels left

rFire   . . .      SeeInvis .    a - +0 war axe
rCold   . . .      Faith    .    c - +0 buckler
rNeg    . . .      Spirit   .    b - +0 scale mail
rPois   .          Reflect  .    (helmet restricted)
rElec   .          Harm     .    n - +0 cloak
rCorr   .          Rampage  .    (no gloves)
Will    .....                    (no boots)
Stlth   ..........               (no amulet)
HPRegen 0.27/turn                (no ring)
MPRegen 0.09/turn                (no ring)

@: mighty, brilliant
A: horns 2, retaliatory headbutt
a: no special abilities


You were on level 4 of the Dungeon.
You visited 1 branch of the dungeon, and saw 4 of its levels.

You collected 184 gold pieces.

Inventory:

Hand Weapons
 a - a +0 war axe (weapon)
Armour
 b - a +0 scale mail (worn)
 c - a +0 buckler (worn)
 n - a +0 cloak (worn)
Jewellery
 m - a ring of poison resistance
Wands
 k - a wand of iceblast (7)
Scrolls
 f - a scroll of torment
 h - a scroll of blinking {unknown}
 j - a scroll of fear {unknown}
 l - a scroll of identify {unknown}
 o - a scroll of amnesia {unknown}
Potions
 d - a potion of might
 e - a potion of haste {unknown}
 g - a potion of brilliance
 i - 2 potions of lignification {unknown}


   Skills:
 + Level 4.7 Fighting
 + Level 3.8 Axes
 + Level 4.7 Armour
 + Level 4.7 Shields


You had 4 spell levels left.
You didn't know any spells.
Your spell library was empty.

Dungeon Overview and Level Annotations

Branches:
Dungeon (4/15)
 Temple: D:4-7

Altars:

Shops:
D:3 ?

Annotations:
D:4 Natasha, Pikel


Innate Abilities, Weirdness & Mutations

You have a pair of horns on your head.
You reflexively headbutt those who attack you in melee.


Message History

You headbutt the orc!
You kill the orc!
You hear a shout! x5; You hear a bark!
An orc comes into view. It is wielding a +2 dagger of draining.
An orc comes into view. It is wielding a +0 whip.
You feel very mighty all of a sudden.
You closely miss Pikel.
Pikel hits you with a +1 whip of freezing.
Pikel freezes you.
A lemure comes into view.
You hit Pikel.
Pikel is lightly wounded.
Pikel hits you with a +1 whip of freezing!
Pikel freezes you.
You barely miss Pikel.
Pikel is lightly wounded.
Pikel hits you with a +1 whip of freezing.
Pikel freezes you.
A lemure comes into view.
Natasha, Servant of Life and Death comes into view.
Pikel hits you with a +1 whip of freezing!
Pikel freezes you.
Unknown command.
You closely miss Pikel. Your headbutt misses Pikel.
Pikel is lightly wounded.
You hit the lemure. Pikel closely misses you.
The lemure hits you but does no damage.
Unknown command.
You barely miss Pikel.
Pikel is lightly wounded.
You slash the lemure!
Pikel hits you with a +1 whip of freezing!
* * * LOW HITPOINT WARNING * * *
Pikel freezes you.
* * * LOW HITPOINT WARNING * * *
You block the lemure's attack.
It was a potion of brilliance.
You feel clever all of a sudden. The lemure hits you.
You die...

### ..# ####
#.##...#
#......#
.##o#####...>...
..h55oK@5..#
...######.## #.#
#.######.#
.......<.#
....###### .


You could see Pikel, 3 lemures, Natasha and 2 orcs.

Vanquished Creatures
  A hound skeleton (D:3)
  7 adders
  2 adder skeletons (D:3)
  A worm (D:2)
  A dart slug (D:2)
  2 orcs
  5 endoplasms
  A giant cockroach (D:1)
  6 goblins
  6 hobgoblins
  3 jackals (D:1)
  5 quokkas
  10 ball pythons
  A ball python skeleton (D:3)
  7 bats
  4 frilled lizards
  7 kobolds
  A quokka skeleton (D:3)
  2 rats
72 creatures vanquished.

Vanquished Creatures (others)
  2 withered plants (D:3)
2 creatures vanquished.

Grand Total: 74 creatures vanquished

Notes
Turn   | Place    | Note
-------+----------+-------------------------------------------
     0 | D:1      | Iusername the Minotaur Fighter began the quest for the Orb.
     0 | D:1      | Reached XP level 1. HP: 19/19 MP: 0/0
    68 | D:1      | Reached XP level 2. HP: 27/27 MP: 1/1
   749 | D:2      | Reached XP level 3. HP: 33/33 MP: 2/2
   841 | D:2      | You fall into a shaft and drop 2 floors!
  1029 | D:2      | Reached XP level 4. HP: 40/40 MP: 3/3
  1648 | D:3      | Found Raiqooph's Magic Scroll Shoppe.
  1728 | D:3      | Reached XP level 5. HP: 36/47 MP: 4/4
  2368 | D:4      | Noticed a lemure
  2368 | D:4      | Noticed Pikel
  2371 | D:4      | Noticed a lemure
  2373 | D:4      | Noticed a lemure
  2373 | D:4      | Noticed Natasha
  2375 | D:4      | HP: 1/47 [Pikel/+1 whip of freezing (5)]
  2376 | D:4      | Slain by a lemure

Illustrated notes

Levels and vault maps discovered:
D:1:      minmay_arrival_four_houses, layout_basic
D:2:      layout_basic, serial_corexii_hall, corexii_hall_statues_l,
          corexii_hall_statues_i
D:3:      layout_basic, serial_undead, serial_undead_a, serial_undead_e,
          serial_undead_f, serial_undead_b, serial_shops,
          nicolae_shop_behind_doors, minmay_misc_feat_alley
D:4:      layout_loops_ring, minmay_temple_entry_glass, uniq_pikel,
          uniq_grinder, uniq_natasha

Skill      XL: |  1  2 |
---------------+-------+-----
Armour         | 4 |  4.7
Shields        | 4 |  4.7
Fighting       | 4 |  4.7
Axes           | 3 |  3.8

Action                   |  1- 3 |  4- 6 || total
-------------------------+-------+-------++-------
Melee: War axe           |    79 |    73 ||   152
       Headbutt          |     6 |    12 ||    18
  Use: Potion            |       |     2 ||     2
       Scroll            |       |     1 ||     1
Armor: Scale mail        |    48 |    38 ||    86
Dodge: Dodged            |    42 |    20 ||    62
Block: Buckler           |    19 |    18 ||    37

Table legend: (Time is in decaauts)
 A = Elapsed time spent in this place.
 B = Non-inter-level travel time spent in this place.
 C = Inter-level travel time spent in this place.
 D = Time resting spent in this place.
 E = Time spent auto-exploring this place.
 F = Levels seen in this place.
 G = Mean time per level.
                   A        B        C        D        E       F      G
               +--------+--------+--------+--------+--------+-----+--------+
         Total |   2432 |   2269 |    163 |    113 |   1693 |   4 |  608.0 |
       Dungeon |   2432 |   2269 |    163 |    113 |   1693 |   4 |  608.0 |
               +--------+--------+--------+--------+--------+-----+--------+

Top non-repeatable levels by time:
     D:3: 902 daAuts
     D:2: 780 daAuts
     D:1: 729 daAuts
     D:4: 20 daAuts
